 Dungeon Sprint DCSS version 0.22-a0-845-g8bfc27d (webtiles) character file.

12833 Krakonus1 the Minotaur Blade (level 11, -1/107 HPs)
             Began as a Minotaur Fighter on July 25, 2018.
             Was a High Priest of Okawaru.
             Succumbed to Sonja's curare-tipped needle
             ... in the Dungeon (Sprint IX: "|||||||||||||||||||||||||||||").
             The game lasted 00:29:39 (3527 turns).

Krakonus1 the Minotaur Blade (Minotaur Fighter)     Turns: 3527, Time: 00:29:40

Health: -1/107     AC: 15    Str: 28    XL:     11   Next: 67%
Magic:  9/10       EV: 15    Int:  5    God:    Okawaru [*****.]
Gold:   1196       SH:  0    Dex:  9    Spells: 10/10 levels left

rFire    . . .     SeeInvis .   g - +3 great sword (slice)
rCold    . . .     Gourm    .   (shield currently unavailable)
rNeg     . . .     Faith    .   j - +3 chain mail
rPois    .         Spirit   .   (helmet restricted)
rElec    .         Reflect  .   u - +0 cloak
rCorr    .         Harm     .   (no gloves)
MR       .....     NoTele   +   x - +0 pair of boots
Stlth    ..........             (no amulet)
HPRegen  0.27/turn              r - +3 ring of strength
MPRegen  0.12/turn              s - +2 ring of evasion

@: lethally poisoned (-1 -> -12), slowed, very slow
A: retaliatory headbutt, horns 2, talons 1, deformed body
a: Heroism, Finesse, Renounce Religion


You were in the Dungeon.
You worshipped Okawaru.
Okawaru was extremely pleased with you.
You were not hungry.

You visited 1 branch You collected 1916 gold pieces.
You spent 720 gold pieces at shops.

Inventory:

Hand Weapons
 g - a +3 great sword of slicing (weapon)
 h - a +3 great sword
 l - a +2 great sword of electrocution
 p - a +2 scimitar of holy wrath
 z - the +1 long sword "Aqeih" {freeze, rElec MR+ Int+8 Dex-3}
   (You bought it in a shop in the Dungeon)

   It has been specially enchanted to freeze those struck by it, causing extra
   injury to most foes and up to half again as much damage against particularly
   susceptible opponents.
   It can also slow down cold-blooded creatures.
   It affects your intelligence (+8).
   It affects your dexterity (-3).
   It insulates you from electricity.
   It affects your resistance to hostile enchantments.
Missiles
 d - 8 tomahawks (quivered)
Armour
 b - a +0 scale mail
 c - a +0 shield
 e - a +2 chain mail of magic resistance
 j - a +3 chain mail (worn)
 q - a +2 ring mail
 u - a +0 cloak (worn)
 w - the +6 ring mail of the Valley {rN+ MR+ Regen+ SInv, unknown}
   (Okawaru gifted it to you in the Dungeon)

   It protects you from negative energy.
   It affects your resistance to hostile enchantments.
   It lets you see invisible.
   It increases your rate of regeneration.
 x - a +0 pair of boots (worn)
 y - a +0 plate armour
Jewellery
 r - a +3 ring of strength (left hand)
 s - a +2 ring of evasion (right hand)
Wands
 o - a wand of iceblast (6)
Scrolls
 a - a scroll of silence
 k - a scroll of blinking
 m - 2 scrolls of remove curse
 n - 2 scrolls of amnesia
 v - 3 scrolls of fear
 D - 2 scrolls of fog
Potions
 i - 4 potions of magic
 C - a potion of brilliance
Comestibles
 f - 11 rations
 t - 4 chunks of flesh


   Skills:
 + Level 13.5 Fighting
 - Level 24.1 Long Blades
 * Level 14.2 Armour
 + Level 10.4 Dodging
 - Level 3.6 Shields


You had 10 spell levels left.
You didn't know any spells.
Your spell library was empty.

Dungeon Overview and Level Annotations

Branches:
Dungeon (1/1)

Altars:
Cheibriados
Dithmenos
Elyvilon
Fedhas
Gozag
Hepliaklqana
Kikubaaqudgha
Makhleb
Nemelex Xobeh
Okawaru
Qazlal
Ru
Sif Muna
Trog
Uskayaw
Vehumet
Wu Jian
Xom
Yredelemnul
Zin
The Shining One
Beogh
Jiyva
Lugonu

Shops:
D ?:*(


Innate Abilities, Weirdness & Mutations

You reflexively headbutt those who attack you in melee.
You have a pair of horns on your head.
You have sharp toenails.
Armour fits poorly on your strangely shaped body.


Message History

Okay, then.
Okay, then.
Press: ? - help, v - describe, . - travel, g - get item An uncursed short sword of distortion.
There is something else lying underneath.
The floor.
w - a shimmering ring mail {god gift} You feel like a meek peon again.
* * * LOW HITPOINT WARNING * * *
You feel very sick.
Wear which item? (? for menu, Esc to quit)
Keep disrobing?
* * * LOW HITPOINT WARNING * * *
You feel sick.
You start removing your armour.
You continue taking off your +3 chain mail.
* * * LOW HITPOINT WARNING * * *
You feel very sick.
You continue taking off your +3 chain mail.
You die...

▓▓▓▓▓▓▓▓▓▓▓▓▓▓
.......)@(((.▓
▓▓▓▓▓▓▓▓▓▓▓▓▓▓▓▓▓▓▓▓.▓
.∩.∩.∩.....'.........▓
▓▓▓▓▓▓▓▓▓▓▓▓▓▓▓▓▓▓▓▓▓▓
.....................▓
▓▓▓▓▓▓▓▓▓▓▓▓▓▓▓▓▓▓▓▓.▓
....[..'...[[...'....▓
▓▓▓▓▓▓▓▓▓▓▓▓▓▓▓▓▓▓▓▓▓▓
.....................▓


There were no monsters in sight!

Vanquished Creatures
  3 catoblepae (D)
  A death yak (D)
  Sonja (D)
  9 orc knights (D)
  An orc sorcerer (D)
  2 black mambas (D)
  2 komodo dragons (D)
  A hippogriff (D)
  A shadow (D)
  6 yaks (D)
  5 water moccasins (D)
  An ice beast (D)
  3 porcupines (D)
  18 orc warriors (D)
  A crocodile (D)
  2 bullfrogs (D)
  A killer bee (D)
  A wight (D)
  A howler monkey (D)
  A crimson imp (D)
  2 jellies (D)
  4 orc wizards (D)
  2 orc priests (D)
  An iguana (D)
  2 worker ants (D)
  2 adders (D)
  An ooze (D)
  6 orcs (D)
  A bat skeleton (D)
  A giant cockroach (D)
  A goblin (D)
  2 frilled lizards (D)
  A kobold (D)
87 creatures vanquished.

Notes
Turn   | Place    | Note
-------+----------+-------------------------------------------
     0 | D        | Krakonus1 the Minotaur Fighter began the quest for the Orb.
     0 | D        | Reached XP level 1. HP: 19/19 MP: 0/0
     5 | D        | Reached skill level 3 in Long Blades
     9 | D        | Reached skill level 4 in Long Blades
    11 | D        | Reached skill level 5 in Long Blades
    12 | D        | Reached XP level 2. HP: 24/26 MP: 1/1
    46 | D        | Reached skill level 7 in Long Blades
    46 | D        | Reached XP level 3. HP: 19/31 MP: 2/2
    52 | D        | Reached skill level 8 in Long Blades
    58 | D        | Reached skill level 9 in Long Blades
    61 | D        | Reached skill level 10 in Long Blades
    61 | D        | Reached XP level 4. HP: 23/39 MP: 3/3
   195 | D        | Found a roughly hewn altar of Beogh.
   195 | D        | Found a snail-covered altar of Cheibriados.
   195 | D        | Found a shadowy altar of Dithmenos.
   195 | D        | Found a white marble altar of Elyvilon.
   195 | D        | Found a blossoming altar of Fedhas.
   195 | D        | Found an opulent altar of Gozag.
   196 | D        | Found a hazy altar of Hepliaklqana.
   197 | D        | Found a viscous altar of Jiyva.
   198 | D        | Found an ancient bone altar of Kikubaaqudgha.
   199 | D        | Found a corrupted altar of Lugonu.
   200 | D        | Found a burning altar of Makhleb.
   201 | D        | Found a sparkling altar of Nemelex Xobeh.
   202 | D        | Found an iron altar of Okawaru.
   203 | D        | Found a stormy altar of Qazlal.
   204 | D        | Found a sacrificial altar of Ru.
   205 | D        | Found a deep blue altar of Sif Muna.
   206 | D        | Found a bloodstained altar of Trog.
   207 | D        | Found a hide-covered altar of Uskayaw.
   208 | D        | Found a radiant altar of Vehumet.
   209 | D        | Found an ornate altar of the Wu Jian Council.
   210 | D        | Became a worshipper of Warmaster Okawaru
   211 | D        | Found a shimmering altar of Xom.
   212 | D        | Found a basalt altar of Yredelemnul.
   213 | D        | Found a glowing silver altar of Zin.
   214 | D        | Found a glowing golden altar of the Shining One.
   254 | D        | Noticed an ice beast
   260 | D        | Killed an ice beast
   260 | D        | Reached skill level 13 in Long Blades
   260 | D        | Reached XP level 5. HP: 34/45 MP: 4/4
   263 | D        | Reached skill level 14 in Long Blades
   265 | D        | Reached XP level 6. HP: 40/51 MP: 5/5
   267 | D        | Reached * piety under Okawaru
   267 | D        | Reached skill level 15 in Long Blades
   277 | D        | Noticed an orc warrior
   277 | D        | Noticed a shadow
   281 | D        | Killed an orc warrior
   281 | D        | Reached skill level 16 in Long Blades
   285 | D        | Killed a shadow
   285 | D        | Reached skill level 17 in Long Blades
   285 | D        | Reached XP level 7. HP: 26/57 MP: 6/6
   288 | D        | Reached ** piety under Okawaru
   409 | D        | Noticed a hippogriff
   409 | D        | Noticed a komodo dragon
   409 | D        | Noticed a komodo dragon
   409 | D        | Noticed a black mamba
   411 | D        | Killed a hippogriff
   411 | D        | Reached skill level 18 in Long Blades
   416 | D        | Killed a komodo dragon
   416 | D        | Reached skill level 19 in Long Blades
   416 | D        | Reached XP level 8. HP: 49/64 MP: 4/7
   422 | D        | Killed a komodo dragon
   422 | D        | Reached *** piety under Okawaru
   422 | D        | Reached skill level 20 in Long Blades
   424 | D        | Killed a black mamba
   426 | D        | Reached skill level 21 in Long Blades
   430 | D        | Reached **** piety under Okawaru
   430 | D        | Reached XP level 9. HP: 41/70 MP: 5/8
   711 | D        | Reached skill level 22 in Long Blades
   717 | D        | Noticed a black mamba
   730 | D        | Reached skill level 23 in Long Blades
   732 | D        | Killed a black mamba
   734 | D        | Reached ***** piety under Okawaru
   882 | D        | Noticed a death yak
   882 | D        | Noticed a catoblepas
   882 | D        | Noticed a catoblepas
   896 | D        | Noticed a catoblepas
   907 | D        | Killed a death yak
   907 | D        | Received a gift from Okawaru
   907 | D        | Reached skill level 24 in Long Blades
   915 | D        | Killed a catoblepas
   915 | D        | Reached skill level 5 in Armour
   915 | D        | Reached XP level 10. HP: 80/84 MP: 9/9
  1080 | D        | HP: 2/84 [catoblepas (31)]
  1460 | D        | Killed a catoblepas
  1569 | D        | Reached skill level 5 in Dodging
  1574 | D        | Killed a catoblepas
  1574 | D        | Reached skill level 10 in Fighting
  2022 | D        | Noticed an orc knight
  2022 | D        | Noticed an orc knight
  2022 | D        | Noticed an orc knight
  2027 | D        | Noticed an orc knight
  2030 | D        | Killed an orc knight
  2031 | D        | Noticed an orc sorcerer
  2036 | D        | Killed an orc knight
  2036 | D        | Reached XP level 11. HP: 47/102 MP: 10/10
  2045 | D        | Killed an orc knight
  2045 | D        | Reached skill level 10 in Armour
  2059 | D        | Killed an orc knight
  2059 | D        | Received a gift from Okawaru
  2059 | D        | Noticed an orc knight
  2071 | D        | Killed an orc sorcerer
  2482 | D        | Killed an orc knight
  2766 | D        | Found Jiwkupre's Magic Scroll Emporium.
  2766 | D        | Noticed an orc knight
  2766 | D        | Noticed an orc knight
  2814 | D        | Killed an orc knight
  2819 | D        | Killed an orc knight
  2980 | D        | Noticed an orc knight
  2982 | D        | Noticed an orc knight
  2989 | D        | Killed an orc knight
  3078 | D        | Killed an orc knight
  3078 | D        | Reached skill level 10 in Dodging
  3379 | D        | Found Rity's Book Shoppe.
  3385 | D        | Found Pevud's Assorted Antiques.
  3391 | D        | Found Voipruqyg's Antique Weapon Shoppe.
  3456 | D        | Upgraded the game from 0.22-a0-834-g05cf915 to 0.22-a0-845-g8bfc27d
  3470 | D        | Bought an ancient long sword for 170 gold pieces
  3470 | D        | Identified the +1 long sword "Aqeih" {freeze, rElec MR+ Int+8 Dex-3} (You bought it in a shop in the Dungeon)
  3473 | D        | Bought a glowing long sword for 110 gold pieces
  3483 | D        | Bought a scroll of silence for 97 gold pieces
  3483 | D        | Bought a scroll of identify for 26 gold pieces
  3483 | D        | Bought a scroll of identify for 26 gold pieces
  3483 | D        | Bought a scroll of enchant weapon for 97 gold pieces
  3487 | D        | Bought a potion of heal wounds for 100 gold pieces
  3487 | D        | Bought a fuming ruby potion for 18 gold pieces
  3487 | D        | Bought 2 scrolls labeled CUNANTUJEPH for 40 gold pieces
  3487 | D        | Bought 2 inky potions for 36 gold pieces
  3493 | D        | Gained mutation: You are agile. (Dex +2) [potion of mutation]
  3493 | D        | Gained mutation: You can translocate small distances at will. [potion of mutation]
  3494 | D        | Lost mutation: You are agile. (Dex +2) [potion of mutation]
  3494 | D        | Lost mutation: You can translocate small distances at will. [potion of mutation]
  3494 | D        | Gained mutation: Armour fits poorly on your strangely shaped body. [potion of mutation]
  3494 | D        | Gained mutation: You have sharp toenails. [potion of mutation]
  3513 | D        | Noticed Sonja
  3522 | D        | HP: 9/107 [Sonja/uncursed short sword of distortion (2)]
  3523 | D        | Killed Sonja
  3523 | D        | Received a gift from Okawaru
  3524 | D        | Got a shimmering ring mail {god gift}
  3525 | D        | HP: 3/107 [poisoned by Sonja (curare-tipped needle)]
  3526 | D        | HP: 1/107 [poisoned by Sonja (curare-tipped needle)]
  3527 | D        | Succumbed to Sonja's curare-tipped needle

Vault maps used:
D:        linesprint

Skill      XL: |  1  2  3  4  5  6  7  8  9 10 11 |
---------------+----------------------------------+-----
Long Blades    | 5 7 10 13 14 17 19 21 24 | 24.1
Fighting       | 6 11 13 | 13.5
Armour         | 5 9 14 | 14.2
Dodging        | 3 7 10 | 10.4
Shields        | |  3.6

Action                   |  1- 3 |  4- 6 |  7- 9 | 10-12 || total
-------------------------+-------+-------+-------+-------++-------
Melee: Long sword        |    31 |    18 |     3 |       ||    52
       Headbutt          |     1 |     3 |    18 |    42 ||    64
       Great sword       |       |       |    62 |   145 ||   207
Invok: Heroism           |       |       |     1 |     4 ||     5
       Finesse           |       |       |       |     1 ||     1
Evoke: Wand              |       |       |       |     4 ||     4
  Use: Potion            |     3 |     1 |     7 |    12 ||    23
       Scroll            |       |       |       |     7 ||     7
 Stab: Petrified         |       |       |     2 |       ||     2
  Eat: Chunk             |       |       |       |     8 ||     8
Armor: Scale mail        |     7 |       |       |       ||     7
       Ring mail         |       |     4 |    11 |       ||    15
       Chain mail        |       |       |       |    31 ||    31
       Plate armour      |       |       |       |     2 ||     2
Dodge: Dodged            |     5 |     3 |    23 |    62 ||    93
Block: Shield            |     9 |     3 |     2 |       ||    14
       Rpst.: Great sword |       |       |     8 |     9 ||    17

Table legend:
 A = Spawn XP
 B = Non-spawn XP
 C = Spawn XP percentage of total XP
 D = Spawn monster count
 E = Non-spawn monster count
 F = Spawn count percentage of total count
 G = Total turns spent on level
                    A         B        C        D         E        F      G
               +---------+---------+-------+---------+---------+-------+---------
         Total |       0 |   18334 |   0.0 |       0 |      87 |   0.0 |  3527
               +---------+---------+-------+---------+---------+-------+---------
             D |       0 |   18334 |   0.0 |       0 |      87 |   0.0 |  3527
               +---------+---------+-------+---------+---------+-------+---------
